Marlies vs Condors
Created - January 30, 2022 at 19:45
Goals
|
| Marlies |
1 |
0 |
2 |
3 |
| Condors |
1 |
1 |
3 |
5 |
|
Shots
|
| Marlies |
10 |
8 |
9 |
27 |
| Condors |
13 |
12 |
9 |
34 |
|
1st period
1. Marlies , Nick Ritchie 18 (Pavel Zacha 13) at 5:13
2. Condors , Jesse Puljujarvi 4 (Frederik Gauthier 4, Anton Slepyshev 11) at 6:04
Penalties :
Jesse Puljujarvi (Bak) for Hooking (Minor) at 6:38, Nick Ritchie (Tor) for High sticking (Minor) at 12:48, Nick Ritchie (Tor) for Hooking (Minor) at 19:07
2nd period
3. Condors , Mark Jankowski 8 (Robby Fabbri 5, Tyler Bozak 16) at 10:18
Penalties :
Nick Ritchie (Tor) for Elbowing (Minor) at 1:46, Kiefer Sherwood (Bak) for Holding Stick (Minor) at 6:17, Carl Gunnarsson (Bak) for Holding Stick (Minor) at 16:40, Philippe Myers (Bak) for Hooking (Minor) at 19:13
3rd period
4. Marlies , Aleksi Saarela 8 (Nicholas Baptiste 12, Neal Pionk 18) at 0:37 (PP)
5. Condors , Anton Slepyshev 6 (Frederik Gauthier 5, Carl Gunnarsson 9) at 1:20
6. Condors , Eric Gustafsson 3 (Anton Slepyshev 12, Frederik Gauthier 6) at 6:13 (PP)
7. Marlies , Nick Ritchie 19 (Linden Vey 8, Malcolm Subban) at 6:52 (PP)
8. Condors , Anton Slepyshev 7 (Frederik Gauthier 7) at 8:30 (PP)
Penalties :
Linden Vey (Tor) for Hooking (Minor) at 4:58, Kiefer Sherwood (Bak) for Roughing (Minor) at 6:35, Nick Ritchie (Tor) for Goalie Interference (Minor) at 8:27, Jesse Puljujarvi (Bak) for Interference (Minor) at 8:50
Goalie Stats
Malcolm Subban (Tor), 29 saves from 34 shots - (0.853), L, 6-7-1, 60:00 minutes
Ilya Samsonov (Bak), 24 saves from 27 shots - (0.889), W, 6-8-1, 60:00 minutes
Players Stats for Marlies
Player Name G A P +/- PIM S H SB GA TA FO MP PP MP PK MP
------------------------------------------------------------------------------------
Aleksi Saarela 1 0 1 -1 0 5 0 0 0 0 3/12 16:40 3:17 1:15
Brett Pesce 0 0 0 -2 0 0 2 0 1 1 0/0 25:29 6:16 3:14
Colton Sissons 0 0 0 -1 0 1 1 0 0 0 0/3 10:10 0:01 0:00
Haydn Fleury 0 0 0 1 0 0 1 2 0 2 0/0 25:45 3:21 3:45
Jeff Corbett 0 0 0 0 0 0 0 1 0 1 0/0 4:16 0:00 0:16
Johan Larsson 0 0 0 -1 0 1 1 1 0 0 0/1 11:27 0:11 2:22
JT Compher 0 0 0 0 0 1 2 0 0 0 1/1 19:54 3:17 1:27
Linden Vey 0 1 1 -1 2 2 1 0 0 0 0/0 14:22 6:19 0:00
Logan Brown 0 0 0 0 0 1 0 0 0 0 3/10 12:03 0:00 4:04
Lucas Carlsson 0 0 0 -1 0 0 1 3 0 1 0/0 13:12 0:00 0:00
Mathieu Olivier 0 0 0 0 0 0 0 0 0 0 0/0 7:50 0:01 0:00
Neal Pionk 0 1 1 1 0 1 1 2 0 2 0/0 25:48 6:16 3:14
Nicholas Baptiste 0 1 1 -1 0 3 2 0 0 0 0/1 17:49 3:17 2:37
Nick Ritchie 2 0 2 0 8 10 3 0 1 1 0/1 22:17 6:09 0:50
Pavel Zacha 0 1 1 0 0 1 2 0 0 0 19/38 22:13 6:19 1:27
Shane Prince 0 0 0 -1 0 1 1 0 0 0 1/1 12:32 0:00 0:28
Tim Erixon 0 0 0 -3 0 0 1 1 0 0 0/0 23:12 3:21 4:01
Tyler Benson 0 0 0 0 0 0 1 0 0 0 0/0 7:41 0:00 0:00
Players Stats for Condors
Player Name G A P +/- PIM S H SB GA TA FO MP PP MP PK MP
------------------------------------------------------------------------------------
Adam Erne 0 0 0 1 0 1 1 1 0 0 0/0 12:45 4:26 0:00
Alex Tuch 0 0 0 0 0 4 0 0 1 0 1/1 16:41 2:49 1:51
Alexandre Carrier 0 0 0 0 0 0 0 0 0 0 0/0 10:13 0:00 1:34
Anton Slepyshev 2 2 4 1 0 6 4 0 1 0 1/2 22:44 4:26 2:31
Brett Lernout 0 0 0 0 0 1 1 1 0 0 0/0 8:39 0:00 0:00
C.J Suess 0 0 0 0 0 1 1 0 0 0 0/0 7:31 0:00 0:00
Carl Gunnarsson 0 1 1 2 2 0 2 2 2 1 0/0 25:54 4:24 5:10
Chris Bigras 0 0 0 0 0 0 0 2 1 0 0/0 18:41 2:51 2:53
Eric Gustafsson 1 0 1 0 0 2 0 1 0 0 0/0 18:41 2:51 2:53
Frederik Gauthier 0 4 4 1 0 2 1 0 1 0 22/40 24:47 4:26 5:26
Gustav Olofsson 0 0 0 0 0 0 0 0 0 0 0/0 5:23 0:00 0:00
Jesse Puljujarvi 1 0 1 1 4 1 3 0 0 1 1/1 15:40 0:00 0:43
Kiefer Sherwood 0 0 0 0 4 1 0 0 0 0 0/0 15:05 2:49 0:00
Mark Jankowski 1 0 1 1 0 4 1 0 0 0 3/5 11:55 0:00 3:13
Nick Merkley 0 0 0 0 0 1 1 0 1 0 0/0 7:07 0:00 0:00
Philippe Myers 0 0 0 0 2 0 0 0 0 0 0/0 5:22 0:00 0:00
Robby Fabbri 0 1 1 1 0 1 0 0 0 0 0/1 8:13 0:00 0:00
Ross Colton 0 0 0 0 0 2 0 0 0 0 3/4 7:29 0:00 0:11
Tyler Bozak 0 1 1 0 0 4 0 0 1 0 10/14 20:10 2:49 5:19
Zac Leslie 0 0 0 2 0 3 2 1 0 0 0/0 27:17 4:24 6:44
3 Stars
1 - Anton Slepyshev (Bak)
2 - Frederik Gauthier (Bak)
3 - Mark Jankowski (Bak)
Power Play
Marlies - 2 on 6 Attempt(s) - 33.33%
Condors - 2 on 5 Attempt(s) - 40.00%
Penalty Kill
Marlies - 3 on 5 Attempt(s) - 60.00%
- Score 0 goal in Penalty Kill
Condors - 4 on 6 Attempt(s) - 66.67%
- Score 0 goal in Penalty Kill
Team Stat
Marlies - Hits : 20 - Faceoff Wins : 27 - Blocked Shots : 10 - Penalty Minutes : 10
Condors - Hits : 17 - Faceoff Wins : 41 - Blocked Shots : 8 - Penalty Minutes : 12
Official
Referees : Brad Meier and Eric Furlatt
Linesman : Tony Sericolo and Andrew Smith
Game Notes
Jeff Corbett is injured at 15:23 of 1st period (Sprained Right Knee)
0:37 of 3rd period - Marlies goal is going for a video replay. After video review, Goal.
Finance
Level 1 -- Attendance: 1883 (94.15%) -- Ticket Income $65,905
Level 2 -- Attendance: 872 (87.20%) -- Ticket Income $13,080
Total Attendance: 2755 (91.83%)
Total Ticket Income: $78,985
Other Income: $3,949
Total Income: $82,934
Marlies
5 vs 5 Forward
Center Left Wing Right Wing Time % Phy DF OF
1 Pavel Zacha Nick Ritchie JT Compher 40 1 2 2
2 Aleksi Saarela Shane Prince Nicholas Baptiste 30 1 2 2
3 Colton Sissons Johan Larsson Linden Vey 20 1 2 2
4 Logan Brown Tyler Benson Mathieu Olivier 10 1 2 2
5 vs 5 Defense
Defense Defense Time % Phy DF OF
1 Haydn Fleury Neal Pionk 40 1 2 2
2 Tim Erixon Brett Pesce 30 1 2 2
3 Jeff Corbett Lucas Carlsson 20 1 2 2
4 Haydn Fleury Tim Erixon 10 1 2 2
PowerPlay Forward
Center Left Wing Right Wing Time % Phy DF OF
1 Pavel Zacha Nick Ritchie Linden Vey 60 1 2 2
2 Aleksi Saarela JT Compher Nicholas Baptiste 40 1 2 2
PowerPlay Defense
Defense Defense Time % Phy DF OF
1 Neal Pionk Brett Pesce 60 1 2 2
2 Haydn Fleury Tim Erixon 40 1 2 2
Penalty Kill 4 Players Forward
Center Wing Time % Phy DF OF
1 Logan Brown Nick Ritchie 60 1 2 2
2 Pavel Zacha JT Compher 40 1 2 2
Penalty Kill 4 Players Defense
Defense Defense Time % Phy DF OF
1 Haydn Fleury Tim Erixon 60 1 2 2
2 Neal Pionk Brett Pesce 40 1 2 2
Penalty Kill - 3 Players Forward
Forward Time % Phy DF OF
1 Logan Brown 60 1 2 2
2 Pavel Zacha 40 1 2 2
Penalty Kill - 3 Players Defense
Defense Defense Time % Phy DF OF
1 Haydn Fleury Tim Erixon 60 1 2 2
2 Neal Pionk Brett Pesce 40 1 2 2
4 vs 4 Forward
Center Wing Time % Phy DF OF
1 Logan Brown Nick Ritchie 60 1 2 2
2 Pavel Zacha JT Compher 40 1 2 2
4 vs 4 Defense
Defense Defense Time % Phy DF OF
1 Haydn Fleury Tim Erixon 60 1 2 2
2 Neal Pionk Brett Pesce 40 1 2 2
Last Minutes Offensive
Center Left Wing Right Wing Defense Defense
Pavel Zacha Nick Ritchie Linden Vey Haydn Fleury Neal Pionk
Last Minutes Defensive
Center Left Wing Right Wing Defense Defense
Pavel Zacha Nick Ritchie Linden Vey Haydn Fleury Tim Erixon
Goaltenders
Starting : Malcolm Subban
Backup : Charlie Lindgren
Extra Forwards
Normal : Aleksi Saarela, Pavel Zacha, Nicholas Baptiste - PP : JT Compher, Pavel Zacha - PK : Nicholas Baptiste
Extra Defensemen
Normal : Brett Pesce, Haydn Fleury, Lucas Carlsson - PP : Jeff Corbett - PK : Haydn Fleury, Jeff Corbett
Penalty Shots
Nick Ritchie, Aleksi Saarela, JT Compher, Linden Vey, Pavel Zacha
Scratches
Brycen Martin (Healthy), Dennis Gilbert (Healthy), Henri Ikonen (Healthy), Jaden Lindo (Healthy), Jakob Forsbacka-Karlsson (Healthy)
Radovan Bondra (Healthy), Simon Bourque (Healthy), Tobias Lindberg (Healthy), Zack MacEwen (Healthy), Otto Koivula (Healthy)
Jamie Phillips (Healthy)
Condors
5 vs 5 Forward
Center Left Wing Right Wing Time % Phy DF OF
1 Frederik Gauthier Anton Slepyshev Jesse Puljujarvi 40 1 2 2
2 Tyler Bozak Alex Tuch Kiefer Sherwood 30 1 2 2
3 Mark Jankowski Robby Fabbri Adam Erne 20 1 2 2
4 Ross Colton C.J Suess Nick Merkley 10 1 2 2
5 vs 5 Defense
Defense Defense Time % Phy DF OF
1 Zac Leslie Carl Gunnarsson 40 1 2 2
2 Eric Gustafsson Chris Bigras 30 1 2 2
3 Brett Lernout Alexandre Carrier 20 1 2 2
4 Gustav Olofsson Philippe Myers 10 1 2 2
PowerPlay Forward
Center Left Wing Right Wing Time % Phy DF OF
1 Frederik Gauthier Anton Slepyshev Adam Erne 60 1 2 2
2 Tyler Bozak Alex Tuch Kiefer Sherwood 40 1 2 2
PowerPlay Defense
Defense Defense Time % Phy DF OF
1 Zac Leslie Carl Gunnarsson 60 1 2 2
2 Eric Gustafsson Chris Bigras 40 1 2 2
Penalty Kill 4 Players Forward
Center Wing Time % Phy DF OF
1 Frederik Gauthier Tyler Bozak 60 1 2 2
2 Mark Jankowski Anton Slepyshev 40 1 2 2
Penalty Kill 4 Players Defense
Defense Defense Time % Phy DF OF
1 Zac Leslie Carl Gunnarsson 60 1 2 2
2 Eric Gustafsson Chris Bigras 40 1 2 2
Penalty Kill - 3 Players Forward
Forward Time % Phy DF OF
1 Frederik Gauthier 60 1 2 2
2 Tyler Bozak 40 1 2 2
Penalty Kill - 3 Players Defense
Defense Defense Time % Phy DF OF
1 Zac Leslie Carl Gunnarsson 60 1 2 2
2 Eric Gustafsson Chris Bigras 40 1 2 2
4 vs 4 Forward
Center Wing Time % Phy DF OF
1 Frederik Gauthier Tyler Bozak 60 1 2 2
2 Mark Jankowski Anton Slepyshev 40 1 2 2
4 vs 4 Defense
Defense Defense Time % Phy DF OF
1 Zac Leslie Carl Gunnarsson 60 1 2 2
2 Eric Gustafsson Chris Bigras 40 1 2 2
Last Minutes Offensive
Center Left Wing Right Wing Defense Defense
Frederik Gauthier Anton Slepyshev Adam Erne Zac Leslie Carl Gunnarsson
Last Minutes Defensive
Center Left Wing Right Wing Defense Defense
Frederik Gauthier Anton Slepyshev Adam Erne Zac Leslie Carl Gunnarsson
Goaltenders
Starting : Ilya Samsonov
Backup : Mark Visentin
Extra Forwards
Normal : Robby Fabbri, C.J Suess, Jesse Puljujarvi - PP : Robby Fabbri, C.J Suess - PK : Jesse Puljujarvi
Extra Defensemen
Normal : Brett Lernout, Alexandre Carrier, Gustav Olofsson - PP : Brett Lernout - PK : Alexandre Carrier, Gustav Olofsson
Penalty Shots
Frederik Gauthier, Tyler Bozak, Mark Jankowski, Anton Slepyshev, Alex Tuch
Scratches
Anders Bjork (Healthy), Christian Thomas (Healthy), Cole Cassels (Healthy), Colin White (Healthy), Connor Hurley (Healthy)
Daniel Zaar (Fractured Orbital Bone Injury), Emil Djuse (Healthy), Jeremy Gregoire (Healthy), Jordan Subban (Healthy), Louis Leblanc (Healthy)
Remi Elie (Healthy), Nikolai Knyzhov (Healthy), Lucas Johansen (Healthy), Jack Campbell (Healthy)
% Time on Ice - Marlies
Lines # - Real PCT - Wanted PCT - Time Play
Normal Forward
1 - 34% - 40% - 14:48
2 - 29% - 30% - 12:33
3 - 19% - 20% - 8:06
4 - 18% - 10% - 7:41
Normal Defense
1 - 34% - 40% - 14:47
2 - 19% - 30% - 8:22
3 - 36% - 20% - 15:32
4 - 10% - 10% - 4:27
PP Forward
1 - 66% - 60% - 6:20
2 - 34% - 40% - 3:17
PP Defense
1 - 65% - 60% - 6:16
2 - 35% - 40% - 3:21
PK Forward
1 - 80% - 60% - 5:48
2 - 20% - 40% - 1:27
PK Defense
1 - 55% - 60% - 4:01
2 - 45% - 40% - 3:14
PK3 Forward
1 - 0% - 60%
2 - 0% - 40%
PK3 Defense
1 - 0% - 60%
2 - 0% - 40%
44 Forward
1 - 0% - 60%
2 - 0% - 40%
44 Defense
1 - 0% - 60%
2 - 0% - 40%
Last Minute Offensive - 0:00
Last Minute Defensive - 0:00
Total
Forward - 60:00
Defense - 60:00
|
% Time on Ice - Condors
Lines # - Real PCT - Wanted PCT - Time Play
Normal Forward
1 - 35% - 40% - 15:17
2 - 29% - 30% - 12:42
3 - 19% - 20% - 8:02
4 - 16% - 10% - 7:07
Normal Defense
1 - 37% - 40% - 16:09
2 - 30% - 30% - 12:57
3 - 20% - 20% - 8:39
4 - 12% - 10% - 5:23
PP Forward
1 - 61% - 60% - 4:26
2 - 39% - 40% - 2:49
PP Defense
1 - 61% - 60% - 4:24
2 - 39% - 40% - 2:51
PK Forward
1 - 74% - 60% - 7:06
2 - 26% - 40% - 2:31
PK Defense
1 - 70% - 60% - 6:44
2 - 30% - 40% - 2:53
PK3 Forward
1 - 0% - 60%
2 - 0% - 40%
PK3 Defense
1 - 0% - 60%
2 - 0% - 40%
44 Forward
1 - 0% - 60%
2 - 0% - 40%
44 Defense
1 - 0% - 60%
2 - 0% - 40%
Last Minute Offensive - 0:00
Last Minute Defensive - 0:00
Total
Forward - 60:00
Defense - 60:00
|
Play-by-Play
1st period
0:01 of 1st period - Frederik Gauthier wins face-off versus Pavel Zacha in neutral zone.
0:08 of 1st period - Snap shot by Anton Slepyshev.
0:08 of 1st period - Shot Misses the Net.
0:10 of 1st period - Slapshot by Zac Leslie.
0:10 of 1st period - Shot Misses the Net.
0:50 of 1st period - Snap shot by Linden Vey.
0:50 of 1st period - Stopped by Ilya Samsonov without a rebound.
0:51 of 1st period - Mark Jankowski wins face-off versus Colton Sissons in Condors zone.
1:04 of 1st period - Snap shot by Colton Sissons.
1:04 of 1st period - Shot Misses the Net.
1:06 of 1st period - Backhand shot by Tim Erixon.
1:06 of 1st period - Shot Misses the Net.
1:29 of 1st period - Brett Pesce is hit by C.J Suess and loses puck.
1:44 of 1st period - Snap shot by Anton Slepyshev.
1:44 of 1st period - Stopped by Malcolm Subban without a rebound.
1:45 of 1st period - Tyler Bozak wins face-off versus Pavel Zacha in Marlies zone.
1:52 of 1st period - Snap shot by Tyler Bozak.
1:52 of 1st period - Shot Misses the Net.
1:54 of 1st period - Wrist shot by Kiefer Sherwood.
1:54 of 1st period - Deflect By Alex Tuch.
1:54 of 1st period - Shot Misses the Net.
1:54 of 1st period - Puck is out of play.
1:55 of 1st period - Tyler Bozak wins face-off versus Aleksi Saarela in Marlies zone.
2:31 of 1st period - Snap shot by Nick Ritchie.
2:31 of 1st period - Stopped by Ilya Samsonov with a rebound.
3:01 of 1st period - Philippe Myers is hit by Haydn Fleury and loses puck.
3:26 of 1st period - Snap shot by C.J Suess.
3:26 of 1st period - Stopped by Malcolm Subban with a rebound.
3:28 of 1st period - Snap shot by C.J Suess.
3:28 of 1st period - Shot Misses the Net.
3:30 of 1st period - Snap shot by C.J Suess.
3:30 of 1st period - Deflect By Ross Colton.
3:30 of 1st period - Stopped by Malcolm Subban with a rebound.
3:44 of 1st period - Slapshot by Nick Ritchie.
3:44 of 1st period - Stopped by Ilya Samsonov without a rebound.
3:45 of 1st period - Pavel Zacha wins face-off versus Frederik Gauthier in Condors zone.
3:58 of 1st period - Wrist shot by Nick Ritchie.
3:58 of 1st period - Shot Blocked by Carl Gunnarsson.
4:03 of 1st period - Off-side.
4:04 of 1st period - Aleksi Saarela wins face-off versus Tyler Bozak in neutral zone.
4:11 of 1st period - Snap shot by Alex Tuch.
4:11 of 1st period - Stopped by Malcolm Subban without a rebound.
4:12 of 1st period - Tyler Bozak wins face-off versus Aleksi Saarela in Marlies zone.
4:13 of 1st period - Wrist shot by Alex Tuch.
4:13 of 1st period - Shot Blocked by Neal Pionk.
4:15 of 1st period - Slapshot by Brett Lernout.
4:15 of 1st period - Stopped by Malcolm Subban without a rebound.
4:16 of 1st period - Jesse Puljujarvi wins face-off versus Pavel Zacha in Marlies zone.
4:21 of 1st period - Wrist shot by Anton Slepyshev.
4:21 of 1st period - Deflect By Frederik Gauthier.
4:21 of 1st period - Shot Misses the Net.
4:21 of 1st period - Puck is out of play.
4:22 of 1st period - Pavel Zacha wins face-off versus Frederik Gauthier in Marlies zone.
4:33 of 1st period - Snap shot by Anton Slepyshev.
4:33 of 1st period - Stopped by Malcolm Subban without a rebound.
4:34 of 1st period - Alex Tuch wins face-off versus Colton Sissons in Marlies zone.
4:35 of 1st period - Snap shot by Tyler Bozak.
4:35 of 1st period - Stopped by Malcolm Subban with a rebound.
4:37 of 1st period - Snap shot by Tyler Bozak.
4:37 of 1st period - Stopped by Malcolm Subban without a rebound.
4:38 of 1st period - Tyler Bozak wins face-off versus Johan Larsson in Marlies zone.
4:39 of 1st period - Snap shot by Alex Tuch.
4:39 of 1st period - Shot Misses the Net.
4:49 of 1st period - Wrist shot by Johan Larsson.
4:49 of 1st period - Stopped by Ilya Samsonov with a rebound.
5:09 of 1st period - Wrist shot by Aleksi Saarela.
5:09 of 1st period - Stopped by Ilya Samsonov without a rebound.
5:10 of 1st period - Pavel Zacha wins face-off versus Frederik Gauthier in Condors zone.
5:13 of 1st period - Snap shot by Nick Ritchie.
5:13 of 1st period - Goal by Nick Ritchie - Marlies : 1 - Condors : 0.
5:14 of 1st period - Pavel Zacha wins face-off versus Tyler Bozak in neutral zone.
5:44 of 1st period - Wrist shot by Alex Tuch.
5:44 of 1st period - Shot Misses the Net.
5:46 of 1st period - Snap shot by Zac Leslie.
5:46 of 1st period - Stopped by Malcolm Subban without a rebound.
5:47 of 1st period - Frederik Gauthier wins face-off versus Aleksi Saarela in Marlies zone.
6:02 of 1st period - Snap shot by Frederik Gauthier.
6:02 of 1st period - Shot Misses the Net.
6:04 of 1st period - Snap shot by Jesse Puljujarvi.
6:04 of 1st period - Goal by Jesse Puljujarvi - Marlies : 1 - Condors : 1.
6:05 of 1st period - Frederik Gauthier wins face-off versus Pavel Zacha in neutral zone.
6:36 of 1st period - Snap shot by Linden Vey.
6:36 of 1st period - Shot Misses the Net.
6:38 of 1st period - Minor Penalty to Jesse Puljujarvi for Hooking.
6:39 of 1st period - Pavel Zacha wins face-off versus Frederik Gauthier in Condors zone.
6:46 of 1st period - Slapshot by Nick Ritchie.
6:46 of 1st period - Stopped by Ilya Samsonov without a rebound.
6:47 of 1st period - Pavel Zacha wins face-off versus Frederik Gauthier in Condors zone.
7:12 of 1st period - Snap shot by Frederik Gauthier.
7:12 of 1st period - Shot Misses the Net.
8:12 of 1st period - Snap shot by Nick Ritchie.
8:12 of 1st period - Stopped by Ilya Samsonov with a rebound.
8:38 of 1st period - Penalty to Jesse Puljujarvi is over, Jesse Puljujarvi is back on ice.
8:42 of 1st period - Zac Leslie is hit by Neal Pionk and loses puck.
8:49 of 1st period - Backhand shot by Nick Ritchie.
8:49 of 1st period - Stopped by Ilya Samsonov without a rebound.
8:50 of 1st period - Ross Colton wins face-off versus Aleksi Saarela in Condors zone.
8:57 of 1st period - Alexandre Carrier is hit by Nicholas Baptiste and loses puck.
9:04 of 1st period - Wrist shot by Aleksi Saarela.
9:04 of 1st period - Shot Misses the Net.
9:16 of 1st period - Jeff Corbett is hit by Brett Lernout and loses puck.
10:13 of 1st period - Snap shot by C.J Suess.
10:13 of 1st period - Shot Blocked by Lucas Carlsson.
10:19 of 1st period - C.J Suess is hit by Lucas Carlsson and loses puck.
10:59 of 1st period - Snap shot by Anton Slepyshev.
10:59 of 1st period - Shot Misses the Net.
11:17 of 1st period - Snap shot by Johan Larsson.
11:17 of 1st period - Shot Blocked by Brett Lernout.
11:26 of 1st period - Icing by Alexandre Carrier.
11:27 of 1st period - Shane Prince wins face-off versus Mark Jankowski in Condors zone.
12:10 of 1st period - Slapshot by Anton Slepyshev.
12:10 of 1st period - Stopped by Malcolm Subban with a rebound.
12:48 of 1st period - Minor Penalty to Nick Ritchie for High sticking.
12:49 of 1st period - Frederik Gauthier wins face-off versus Logan Brown in Marlies zone.
13:25 of 1st period - Logan Brown is hit by Zac Leslie.
14:41 of 1st period - Alex Tuch is hit by Shane Prince and loses puck.
14:48 of 1st period - Penalty to Nick Ritchie is over, Nick Ritchie is back on ice.
14:51 of 1st period - Icing by Aleksi Saarela.
14:52 of 1st period - Ross Colton wins face-off versus Aleksi Saarela in Marlies zone.
15:23 of 1st period - Wrist shot by Mark Jankowski.
15:23 of 1st period - Shot Blocked by Jeff Corbett.
15:23 of 1st period - Jeff Corbett from Marlies is injured at 15:23 of 1st period (Sprained Right Knee).
15:24 of 1st period - Frederik Gauthier wins face-off versus Pavel Zacha in Marlies zone.
15:25 of 1st period - Snap shot by Anton Slepyshev.
15:25 of 1st period - Deflect By Frederik Gauthier.
15:25 of 1st period - Shot Misses the Net.
15:25 of 1st period - Puck is out of play.
15:26 of 1st period - Pavel Zacha wins face-off versus Frederik Gauthier in Marlies zone.
15:31 of 1st period - Nick Ritchie is hit by Carl Gunnarsson and loses puck.
16:08 of 1st period - Backhand shot by Nick Ritchie.
16:08 of 1st period - Deflect By Carl Gunnarsson.
16:08 of 1st period - Shot Blocked by Zac Leslie.
16:08 of 1st period - Puck is out of play.
16:09 of 1st period - Tyler Bozak wins face-off versus Nicholas Baptiste in Condors zone.
16:14 of 1st period - Wrist shot by Tyler Bozak.
16:14 of 1st period - Stopped by Malcolm Subban with a rebound.
17:22 of 1st period - Wrist shot by Johan Larsson.
17:22 of 1st period - Shot Misses the Net.
17:40 of 1st period - Snap shot by Tyler Bozak.
17:40 of 1st period - Shot Blocked by Johan Larsson.
17:42 of 1st period - Snap shot by Kiefer Sherwood.
17:42 of 1st period - Shot Misses the Net.
17:44 of 1st period - Snap shot by Alex Tuch.
17:44 of 1st period - Stopped by Malcolm Subban without a rebound.
17:45 of 1st period - Pavel Zacha wins face-off versus Frederik Gauthier in Marlies zone.
18:37 of 1st period - Ross Colton is hit by Tyler Benson and loses puck.
18:54 of 1st period - Neal Pionk is hit by Anton Slepyshev and loses puck.
19:07 of 1st period - Minor Penalty to Nick Ritchie for Hooking.
19:08 of 1st period - Logan Brown wins face-off versus Frederik Gauthier in Marlies zone.
19:21 of 1st period - Wrist shot by Nicholas Baptiste.
19:21 of 1st period - Stopped by Ilya Samsonov with a rebound.
Goals for this period are 1 for Marlies vs 1 for Condors.
Shots for this period are 10 for Marlies vs 13 for Condors.
2nd period
0:01 of 2nd period - Frederik Gauthier wins face-off versus Logan Brown in neutral zone.
0:08 of 2nd period - Wrist shot by Frederik Gauthier.
0:08 of 2nd period - Stopped by Malcolm Subban with a rebound.
1:01 of 2nd period - Slapshot by Tyler Bozak.
1:01 of 2nd period - Stopped by Malcolm Subban without a rebound.
1:02 of 2nd period - Logan Brown wins face-off versus Anton Slepyshev in Marlies zone.
1:07 of 2nd period - Penalty to Nick Ritchie is over, Nick Ritchie is back on ice.
1:11 of 2nd period - Haydn Fleury is hit by Anton Slepyshev and loses puck.
1:24 of 2nd period - Slapshot by Nick Ritchie.
1:24 of 2nd period - Stopped by Ilya Samsonov without a rebound.
1:25 of 2nd period - Pavel Zacha wins face-off versus Ross Colton in Condors zone.
1:46 of 2nd period - Minor Penalty to Nick Ritchie for Elbowing.
1:47 of 2nd period - Frederik Gauthier wins face-off versus Logan Brown in Marlies zone.
1:50 of 2nd period - Snap shot by Frederik Gauthier.
1:50 of 2nd period - Stopped by Malcolm Subban without a rebound.
1:51 of 2nd period - Frederik Gauthier wins face-off versus Logan Brown in Marlies zone.
2:23 of 2nd period - Slapshot by Tyler Bozak.
2:23 of 2nd period - Deflect By Alex Tuch.
2:23 of 2nd period - Stopped by Malcolm Subban with a rebound.
3:46 of 2nd period - Penalty to Nick Ritchie is over, Nick Ritchie is back on ice.
3:53 of 2nd period - Wrist shot by Nicholas Baptiste.
3:53 of 2nd period - Shot Blocked by Chris Bigras.
4:15 of 2nd period - Icing by Robby Fabbri.
4:16 of 2nd period - Ross Colton wins face-off versus Logan Brown in Condors zone.
4:21 of 2nd period - Neal Pionk is hit by Nick Merkley and loses puck.
5:02 of 2nd period - Snap shot by Linden Vey.
5:02 of 2nd period - Deflect By Johan Larsson.
5:02 of 2nd period - Shot Misses the Net.
5:02 of 2nd period - Puck is out of play.
5:03 of 2nd period - Tyler Bozak wins face-off versus Colton Sissons in Condors zone.
5:12 of 2nd period - Snap shot by Tyler Bozak.
5:12 of 2nd period - Shot Misses the Net.
5:14 of 2nd period - Wrist shot by Zac Leslie.
5:14 of 2nd period - Stopped by Malcolm Subban with a rebound.
5:16 of 2nd period - Snap shot by Alex Tuch.
5:16 of 2nd period - Stopped by Malcolm Subban without a rebound.
5:17 of 2nd period - Pavel Zacha wins face-off versus Tyler Bozak in Marlies zone.
5:22 of 2nd period - Alex Tuch is hit by Nick Ritchie and loses puck.
5:29 of 2nd period - Snap shot by Tyler Bozak.
5:29 of 2nd period - Deflect By Kiefer Sherwood.
5:29 of 2nd period - Stopped by Malcolm Subban without a rebound.
5:30 of 2nd period - Frederik Gauthier wins face-off versus Pavel Zacha in Marlies zone.
6:11 of 2nd period - Snap shot by Aleksi Saarela.
6:11 of 2nd period - Stopped by Ilya Samsonov with a rebound.
6:17 of 2nd period - Minor Penalty to Kiefer Sherwood for Holding Stick.
6:18 of 2nd period - Frederik Gauthier wins face-off versus Pavel Zacha in Condors zone.
6:31 of 2nd period - Snap shot by Tyler Bozak.
6:31 of 2nd period - Shot Blocked by Neal Pionk.
7:25 of 2nd period - Nicholas Baptiste is hit by Jesse Puljujarvi and loses puck.
8:01 of 2nd period - Wrist shot by Mark Jankowski.
8:01 of 2nd period - Stopped by Malcolm Subban without a rebound.
8:02 of 2nd period - JT Compher wins face-off versus Frederik Gauthier in Marlies zone.
8:17 of 2nd period - Penalty to Kiefer Sherwood is over, Kiefer Sherwood is back on ice.
8:27 of 2nd period - Kiefer Sherwood is hit by Tim Erixon and loses puck.
8:38 of 2nd period - Snap shot by Anton Slepyshev.
8:38 of 2nd period - Shot Misses the Net.
8:54 of 2nd period - C.J Suess is hit by Johan Larsson and loses puck.
9:27 of 2nd period - Slapshot by Neal Pionk.
9:27 of 2nd period - Shot Misses the Net.
10:01 of 2nd period - Tim Erixon is hit by Zac Leslie and loses puck.
10:16 of 2nd period - Snap shot by Mark Jankowski.
10:16 of 2nd period - Stopped by Malcolm Subban with a rebound.
10:18 of 2nd period - Wrist shot by Mark Jankowski.
10:18 of 2nd period - Goal by Mark Jankowski - Marlies : 1 - Condors : 2.
10:19 of 2nd period - Frederik Gauthier wins face-off versus Pavel Zacha in neutral zone.
10:49 of 2nd period - Icing by Eric Gustafsson.
10:50 of 2nd period - Aleksi Saarela wins face-off versus Tyler Bozak in Condors zone.
10:51 of 2nd period - Wrist shot by Nicholas Baptiste.
10:51 of 2nd period - Shot Misses the Net.
11:17 of 2nd period - Chris Bigras is hit by Nicholas Baptiste and loses puck.
11:32 of 2nd period - Wrist shot by Tyler Bozak.
11:32 of 2nd period - Shot Misses the Net.
11:34 of 2nd period - Slapshot by Carl Gunnarsson.
11:34 of 2nd period - Shot Misses the Net.
11:48 of 2nd period - Snap shot by Aleksi Saarela.
11:48 of 2nd period - Shot Misses the Net.
12:25 of 2nd period - Icing by Shane Prince.
12:26 of 2nd period - Frederik Gauthier wins face-off versus Aleksi Saarela in Marlies zone.
12:36 of 2nd period - Off-side.
12:37 of 2nd period - Anton Slepyshev wins face-off versus Pavel Zacha in neutral zone.
12:49 of 2nd period - Snap shot by Nick Ritchie.
12:49 of 2nd period - Stopped by Ilya Samsonov without a rebound.
12:50 of 2nd period - Frederik Gauthier wins face-off versus Pavel Zacha in Condors zone.
12:50 of 2nd period - Frederik Gauthier is hit by Pavel Zacha.
13:00 of 2nd period - Snap shot by Anton Slepyshev.
13:00 of 2nd period - Shot Blocked by Haydn Fleury.
13:02 of 2nd period - Snap shot by Jesse Puljujarvi.
13:02 of 2nd period - Shot Misses the Net.
13:25 of 2nd period - Neal Pionk is hit by Mark Jankowski and loses puck.
14:02 of 2nd period - Snap shot by Nick Ritchie.
14:02 of 2nd period - Stopped by Ilya Samsonov with a rebound.
14:21 of 2nd period - Robby Fabbri is hit by Colton Sissons and loses puck.
14:52 of 2nd period - Snap shot by Nick Merkley.
14:52 of 2nd period - Stopped by Malcolm Subban with a rebound.
14:54 of 2nd period - Slapshot by Ross Colton.
14:54 of 2nd period - Stopped by Malcolm Subban with a rebound.
15:04 of 2nd period - Jesse Puljujarvi is hit by Brett Pesce and loses puck.
15:27 of 2nd period - Backhand shot by Linden Vey.
15:27 of 2nd period - Shot Blocked by Eric Gustafsson.
15:44 of 2nd period - Slapshot by JT Compher.
15:44 of 2nd period - Deflect By Pavel Zacha.
15:44 of 2nd period - Stopped by Ilya Samsonov without a rebound.
15:45 of 2nd period - Mark Jankowski wins face-off versus Pavel Zacha in Condors zone.
16:18 of 2nd period - Snap shot by Frederik Gauthier.
16:18 of 2nd period - Deflect By Anton Slepyshev.
16:18 of 2nd period - Shot Blocked by Tim Erixon.
16:18 of 2nd period - Puck is out of play.
16:19 of 2nd period - Pavel Zacha wins face-off versus Mark Jankowski in Marlies zone.
16:32 of 2nd period - Snap shot by JT Compher.
16:32 of 2nd period - Shot Misses the Net.
16:34 of 2nd period - Wrist shot by Pavel Zacha.
16:34 of 2nd period - Shot Misses the Net.
16:40 of 2nd period - Minor Penalty to Carl Gunnarsson for Holding Stick.
16:41 of 2nd period - Pavel Zacha wins face-off versus Frederik Gauthier in Condors zone.
16:42 of 2nd period - Slapshot by Neal Pionk.
16:42 of 2nd period - Shot Misses the Net.
16:44 of 2nd period - Snap shot by Brett Pesce.
16:44 of 2nd period - Shot Misses the Net.
17:06 of 2nd period - Alexandre Carrier is hit by Brett Pesce and loses puck.
18:35 of 2nd period - Off-side.
18:36 of 2nd period - Mark Jankowski wins face-off versus Pavel Zacha in neutral zone.
18:40 of 2nd period - Penalty to Carl Gunnarsson is over, Carl Gunnarsson is back on ice.
19:06 of 2nd period - Off-side.
19:07 of 2nd period - Aleksi Saarela wins face-off versus Frederik Gauthier in neutral zone.
19:13 of 2nd period - Minor Penalty to Philippe Myers for Hooking.
19:14 of 2nd period - Pavel Zacha wins face-off versus Frederik Gauthier in Condors zone.
19:30 of 2nd period - Snap shot by Linden Vey.
19:30 of 2nd period - Shot Misses the Net.
19:46 of 2nd period - Slapshot by Neal Pionk.
19:46 of 2nd period - Stopped by Ilya Samsonov with a rebound.
19:48 of 2nd period - Snap shot by Nicholas Baptiste.
19:48 of 2nd period - Stopped by Ilya Samsonov with a rebound.
19:50 of 2nd period - Snap shot by Aleksi Saarela.
19:50 of 2nd period - Stopped by Ilya Samsonov with a rebound.
Goals for this period are 0 for Marlies vs 1 for Condors.
Shots for this period are 8 for Marlies vs 12 for Condors.
3rd period
0:01 of 3rd period - Pavel Zacha wins face-off versus Frederik Gauthier in neutral zone.
0:03 of 3rd period - Off-side.
0:04 of 3rd period - Pavel Zacha wins face-off versus Frederik Gauthier in neutral zone.
0:31 of 3rd period - Slapshot by Neal Pionk.
0:31 of 3rd period - Shot Misses the Net.
0:33 of 3rd period - Wrist shot by Nicholas Baptiste.
0:33 of 3rd period - Stopped by Ilya Samsonov with a rebound.
0:37 of 3rd period - Slapshot by Aleksi Saarela.
0:37 of 3rd period - Marlies goal is going for a video replay.
0:37 of 3rd period - The goal is good.
0:37 of 3rd period - Goal by Aleksi Saarela - Marlies : 2 - Condors : 2.
0:38 of 3rd period - Pavel Zacha wins face-off versus Frederik Gauthier in neutral zone.
0:43 of 3rd period - Wrist shot by Nick Ritchie.
0:43 of 3rd period - Shot Blocked by Carl Gunnarsson.
1:20 of 3rd period - Backhand shot by Anton Slepyshev.
1:20 of 3rd period - Goal by Anton Slepyshev - Marlies : 2 - Condors : 3.
1:21 of 3rd period - Tyler Bozak wins face-off versus Pavel Zacha in neutral zone.
1:51 of 3rd period - Slapshot by Nicholas Baptiste.
1:51 of 3rd period - Shot Misses the Net.
1:53 of 3rd period - Snap shot by Shane Prince.
1:53 of 3rd period - Stopped by Ilya Samsonov with a rebound.
2:48 of 3rd period - Tyler Bozak is hit by Nick Ritchie and loses puck.
3:23 of 3rd period - Icing by Jesse Puljujarvi.
3:24 of 3rd period - Pavel Zacha wins face-off versus Frederik Gauthier in Condors zone.
3:54 of 3rd period - Off-side.
3:55 of 3rd period - Tyler Bozak wins face-off versus Aleksi Saarela in neutral zone.
3:58 of 3rd period - Wrist shot by Zac Leslie.
3:58 of 3rd period - Deflect By Nicholas Baptiste.
3:58 of 3rd period - Stopped by Malcolm Subban with a rebound.
4:08 of 3rd period - Backhand shot by Aleksi Saarela.
4:08 of 3rd period - Stopped by Ilya Samsonov without a rebound.
4:09 of 3rd period - Frederik Gauthier wins face-off versus Pavel Zacha in Condors zone.
4:14 of 3rd period - Zac Leslie is hit by Nick Ritchie and loses puck.
4:58 of 3rd period - Minor Penalty to Linden Vey for Hooking.
4:59 of 3rd period - Frederik Gauthier wins face-off versus Logan Brown in Marlies zone.
6:11 of 3rd period - Snap shot by Eric Gustafsson.
6:11 of 3rd period - Stopped by Malcolm Subban with a rebound.
6:13 of 3rd period - Slapshot by Eric Gustafsson.
6:13 of 3rd period - Goal by Eric Gustafsson - Marlies : 2 - Condors : 4.
6:14 of 3rd period - Tyler Bozak wins face-off versus Aleksi Saarela in neutral zone.
6:16 of 3rd period - Off-side.
6:17 of 3rd period - Tyler Bozak wins face-off versus Aleksi Saarela in neutral zone.
6:35 of 3rd period - Minor Penalty to Kiefer Sherwood for Roughing.
6:36 of 3rd period - Pavel Zacha wins face-off versus Frederik Gauthier in Condors zone.
6:50 of 3rd period - Slapshot by Linden Vey.
6:50 of 3rd period - Stopped by Ilya Samsonov with a rebound.
6:52 of 3rd period - Snap shot by Nick Ritchie.
6:52 of 3rd period - Goal by Nick Ritchie - Marlies : 3 - Condors : 4.
6:53 of 3rd period - Frederik Gauthier wins face-off versus Pavel Zacha in neutral zone.
7:03 of 3rd period - Off-side.
7:04 of 3rd period - Pavel Zacha wins face-off versus Frederik Gauthier in neutral zone.
7:13 of 3rd period - Snap shot by JT Compher.
7:13 of 3rd period - Stopped by Ilya Samsonov with a rebound.
7:29 of 3rd period - Shane Prince is hit by Adam Erne and loses puck.
7:52 of 3rd period - Slapshot by C.J Suess.
7:52 of 3rd period - Shot Misses the Net.
8:27 of 3rd period - Minor Penalty to Nick Ritchie for Goalie Interference.
8:28 of 3rd period - Frederik Gauthier wins face-off versus Logan Brown in Marlies zone.
8:30 of 3rd period - Wrist shot by Anton Slepyshev.
8:30 of 3rd period - Goal by Anton Slepyshev - Marlies : 3 - Condors : 5.
8:31 of 3rd period - Frederik Gauthier wins face-off versus Pavel Zacha in neutral zone.
8:34 of 3rd period - Slapshot by Zac Leslie.
8:34 of 3rd period - Deflect By Anton Slepyshev.
8:34 of 3rd period - Shot Blocked by Haydn Fleury.
8:34 of 3rd period - Puck is out of play.
8:35 of 3rd period - Frederik Gauthier wins face-off versus Nick Ritchie in Marlies zone.
8:42 of 3rd period - Wrist shot by Pavel Zacha.
8:42 of 3rd period - Shot Misses the Net.
8:44 of 3rd period - Wrist shot by JT Compher.
8:44 of 3rd period - Shot Misses the Net.
8:46 of 3rd period - Wrist shot by JT Compher.
8:46 of 3rd period - Deflect By Nick Ritchie.
8:46 of 3rd period - Shot Misses the Net.
8:46 of 3rd period - Puck is out of play.
8:47 of 3rd period - Frederik Gauthier wins face-off versus Pavel Zacha in Condors zone.
8:47 of 3rd period - Frederik Gauthier is hit by JT Compher.
8:50 of 3rd period - Minor Penalty to Jesse Puljujarvi for Interference.
8:51 of 3rd period - Frederik Gauthier wins face-off versus Pavel Zacha in Condors zone.
10:50 of 3rd period - Penalty to Jesse Puljujarvi is over, Jesse Puljujarvi is back on ice.
10:54 of 3rd period - Slapshot by Colton Sissons.
10:54 of 3rd period - Stopped by Ilya Samsonov with a rebound.
11:19 of 3rd period - Wrist shot by Adam Erne.
11:19 of 3rd period - Stopped by Malcolm Subban with a rebound.
11:21 of 3rd period - Slapshot by Mark Jankowski.
11:21 of 3rd period - Stopped by Malcolm Subban with a rebound.
11:23 of 3rd period - Wrist shot by Robby Fabbri.
11:23 of 3rd period - Shot Blocked by Lucas Carlsson.
11:25 of 3rd period - Wrist shot by Alexandre Carrier.
11:25 of 3rd period - Shot Blocked by Lucas Carlsson.
12:04 of 3rd period - Kiefer Sherwood is hit by JT Compher and loses puck.
12:15 of 3rd period - Mathieu Olivier is hit by Frederik Gauthier and loses puck.
12:32 of 3rd period - Gustav Olofsson is hit by Pavel Zacha and loses puck.
14:31 of 3rd period - Adam Erne is hit by Linden Vey and loses puck.
14:42 of 3rd period - JT Compher is hit by Jesse Puljujarvi and loses puck.
15:09 of 3rd period - Haydn Fleury is hit by Carl Gunnarsson and loses puck.
15:58 of 3rd period - Slapshot by Eric Gustafsson.
15:58 of 3rd period - Shot Misses the Net.
16:12 of 3rd period - Slapshot by Johan Larsson.
16:12 of 3rd period - Shot Blocked by Chris Bigras.
17:37 of 3rd period - JT Compher is hit by Jesse Puljujarvi and loses puck.
17:44 of 3rd period - Snap shot by Anton Slepyshev.
17:44 of 3rd period - Shot Misses the Net.
18:11 of 3rd period - Wrist shot by Mathieu Olivier.
18:11 of 3rd period - Shot Misses the Net.
18:13 of 3rd period - Backhand shot by Tim Erixon.
18:13 of 3rd period - Shot Blocked by Adam Erne.
18:15 of 3rd period - Slapshot by Tim Erixon.
18:15 of 3rd period - Deflect By Logan Brown.
18:15 of 3rd period - Stopped by Ilya Samsonov without a rebound.
18:16 of 3rd period - Frederik Gauthier wins face-off versus Pavel Zacha in Condors zone.
18:33 of 3rd period - Snap shot by Anton Slepyshev.
18:33 of 3rd period - Stopped by Malcolm Subban with a rebound.
18:42 of 3rd period - Icing by Lucas Carlsson.
18:43 of 3rd period - Logan Brown wins face-off versus Robby Fabbri in Marlies zone.
18:55 of 3rd period - Snap shot by Robby Fabbri.
18:55 of 3rd period - Stopped by Malcolm Subban with a rebound.
19:09 of 3rd period - Neal Pionk is hit by Anton Slepyshev and loses puck.
19:45 of 3rd period - Pavel Zacha is hit by Anton Slepyshev.
Goals for this period are 2 for Marlies vs 3 for Condors.
Shots for this period are 9 for Marlies vs 9 for Condors.